 Dungeon Crawl Stone Soup version 0.32-a0-933-ga8fa363 (webtiles) character file.

Game seed: 4661532472278027749

300076 Loakagen the Slayer (level 20, -9/190 (201) HPs)
             Began as a Minotaur Fighter on Apr 14, 2024.
             Was the Champion of Okawaru.
             Killed from afar by a shadow dragon (illusionary) (37 damage)
             ... with a bolt of negative energy
             ... on level 3 of the Depths.
             The game lasted 01:37:55 (43756 turns).

Loakagen the Slayer (Minotaur Fighter)             Turns: 43756, Time: 01:37:55

HP:   -9/190 (201)  AC: 38    Str: 15 (18) XL:     20   Next: 16%
MP:   0/28          EV:  0    Int:  6 (7)  God:    Okawaru [******]
Gold: 4336          SH: 21    Dex: 15 (17) Spells: 19/19 levels left

rFire   + + .        a - +4 broad axe (vamp)
rCold   . . .        J - +5 kite shield {reflect}
rNeg    . . .        X - +3 plate armour
rPois   .            (helmet restricted)
rElec   .            p - +2 cloak {Will+}
rCorr   +            r - +0 pair of gloves "Roasuun" {Will+++ rCorr Str-5 Slay+4}
SInv    .            W - +1 pair of boots "Buut" {Regen+ Int+2 Dex+2}
Will    +++++        k - amulet of guardian spirit Stlth
                     y - ring "Baodgh" {rF+ Will+}
HPRegen 1.31/turn    S - ring "Raoskyp" {+Blink rF+ AC+4 Int-2}
MPRegen 0.21/turn

%: reflection, guardian spirit
@: heroic, finesse-ful, frozen, constricted, drained, very slow
A: horns 2, retaliatory headbutt, deterioration 1, inability to drink after
injury 1
}: 2/15 runes: decaying, gossamer
a: Renounce Religion, Evoke Blink, Heroism, Finesse, Duel


You were on level 3 of the Depths.
You worshipped Okawaru.
Okawaru was exalted by your worship.
You visited 8 branches of the dungeon, and saw 38 of its levels.
You also visited: Wizlab.

You collected 4996 gold pieces.
You spent 660 gold pieces at shops.

Inventory:

Hand Weapons
 a - a +4 vampiric broad axe (weapon)
 b - a +2 war axe of flaming
Missiles
 j - 17 javelins (quivered)
 n - 66 poisoned darts
 q - 4 silver javelins
 P - 12 curare-tipped darts
Armour
 l - a +1 chain mail of poison resistance
 p - a +2 cloak of willpower (worn)
 r - the +0 pair of gloves "Roasuun" (worn) {Will+++ rCorr Str-5 Slay+4}
   (Okawaru gifted it to you on level 5 of the Lair of Beasts)

   Str-5:     It affects your strength (-5).
   Slay+4:    It affects your accuracy & damage with ranged weapons and melee
   (+4).
   Will+++:   It greatly increases your willpower.
   rCorr:     It protects you from acid and corrosion.
 J - a +5 kite shield of reflection (worn)
 W - the +1 pair of boots "Buut" (worn) {Regen+ Int+2 Dex+2}
   (You found it on level 4 of the Spider Nest)

   Int+2:     It affects your intelligence (+2).
   Dex+2:     It affects your dexterity (+2).
   Regen+:    It increases your rate of health regeneration.
 X - a +3 plate armour (worn)
Jewellery
 c - a ring of ice
 k - an amulet of guardian spirit (around neck)
 v - a +4 ring of slaying
 y - the ring "Baodgh" (left hand) {rF+ Will+}
   (You acquired it on level 2 of the Orcish Mines)

   [ring of willpower]

   rF+:       It protects you from fire.
   Will+:     It increases your willpower.
 S - the ring "Raoskyp" (right hand) {+Blink rF+ AC+4 Int-2}
   (You acquired it on level 1 of the Vaults)

   [ring of protection]

   AC+4:      It affects your AC (+4).
   Int-2:     It affects your intelligence (-2).
   rF+:       It protects you from fire.
   +Blink:    It lets you blink.
Wands
 B - a wand of flame (74)
 D - a wand of mindburst (48)
 G - a wand of polymorph (5)
 K - a wand of roots (15)
 L - a wand of digging (33)
 O - a wand of light (10)
Scrolls
 f - 6 scrolls of poison
 g - 4 scrolls of enchant armour
 i - 18 scrolls of teleportation
 m - 7 scrolls of fog
 o - 4 scrolls of noise
 x - 2 scrolls of torment
 C - 9 scrolls of vulnerability
 F - 7 scrolls of fear
 H - 3 scrolls of revelation
 R - 5 scrolls of immolation
 T - a scroll of blinking
Potions
 d - 5 potions of might
 e - 8 potions of curing
 h - 4 potions of berserk rage
 s - 6 potions of cancellation
 t - 2 potions of enlightenment
 u - 6 potions of brilliance
 w - 7 potions of haste
 z - 2 potions of mutation
 A - 7 potions of attraction
 I - 4 potions of lignification
 M - 7 potions of ambrosia
 N - 2 potions of invisibility
 Q - a potion of magic {unknown}
 V - 3 potions of heal wounds
Miscellaneous
 U - a tin of tremorstones (2/2)


   Skills:
 + Level 22.3(27) Fighting
 - Level 18.0(23.0) Axes
 + Level 14.7(19.7) Throwing
 + Level 20.5(25.5) Armour
 - Level 8.0(13.0) Dodging
 + Level 18.1(23.1) Shields
 - Level 13.0 Invocations


You had 19 spell levels left.
You didn't know any spells.
Your spell library contained the following spells:

 Spells                   Type           Power      Damage    Failure   Level
 Foxfire                  Conj/Fire      0%         2x1d4     99%         1
 Magic Dart               Conj           0%         1d3       99%         1
 Sandblast                Erth           0%         2d4       99%         1
 Blink                    Tloc           0%         N/A       100%        2
 Ensorcelled Hibernation  Hex/Ice        0%         N/A       100%        2
 Lesser Beckoning         Tloc           0%         N/A       100%        2
 Mercury Vapours          Alch/Air       0%         N/A       100%        2
 Momentum Strike          Conj/Tloc      0%         3d8       100%        2
 Scorch                   Fire           0%         2d5       100%        2
 Searing Ray              Conj           0%         2d4       100%        2
 Static Discharge         Conj/Air       0%         3-3/arc   100%        2
 Sublimation of Blood     Necr           0%         N/A       100%        2
 Fugue of the Fallen      Necr           0%         N/A       100%        3
 Hailstorm                Conj/Ice       0%         3d5       100%        3
 Mephitic Cloud           Conj/Alch/Air  0%         N/A       100%        3
 Ozocubu's Armour         Ice            0%         N/A       100%        3
 Sigil of Binding         Hex            0%         N/A       100%        3
 Stone Arrow              Conj/Erth      0%         3d7       100%        3
 Teleport Other           Tloc           0%         N/A       100%        3
 Airstrike                Air            0%         2d(0-16)  100%        4
 Anguish                  Hex/Necr       0%         N/A       100%        4
 Brom's Barrelling Bould  Conj/Erth      0%         2d3       100%        4
 Flame Wave               Conj/Fire      0%         2d4       100%        4
 Fulminant Prism          Conj/Alch      0%         3d5       100%        4
 Iskenderun's Mystic Bla Conj/Tloc 0%             2d3        (+2d1     100%        4
 Leda's Liquefaction      Alch/Erth      0%         N/A       100%        4
 Passage of Golubria      Tloc           0%         N/A       100%        4
 Petrify                  Alch/Erth      0%         N/A       100%        4
 Freezing Cloud           Conj/Ice/Air   0%         6-21      100%        5
 Irradiate                Conj/Alch      0%         3d11      100%        5
 Iskenderun's Battlesphe  Conj           0%         2d6       100%        5
 Metabolic Englaciation   Hex/Ice        0%         N/A       100%        5
 Yara's Violent Unravell  Hex/Alch       0%         3d3       100%        5
 Dispersal                Tloc           0%         N/A       100%        6
 Eringya's Noxious Bog    Alch           0%         4d6       100%        6
 Gell's Gavotte           Tloc           0%         2d(11-16) 100%        6
 Manifold Assault         Tloc           0%         N/A       100%        7
 Call Imp                 Summ           Unusable   N/A       N/A         2
 Tukima's Dance           Hex            Unusable   N/A       N/A         3
 Summon Lightning Spire   Summ/Air       Unusable   N/A       N/A         4
 Summon Forest            Summ/Tloc      Unusable   N/A       N/A         5
 Death Channel            Necr           Unusable   N/A       N/A         6
 Sculpt Simulacrum        Ice/Alch       Unusable   N/A       N/A         6
 Summon Cactus Giant      Summ           Unusable   N/A       N/A         6
 Summon Hydra             Summ           Unusable   N/A       N/A         7

Dungeon Overview and Level Annotations

Branches:
Dungeon (15/15)            Temple (1/1) D:7            Lair (5/5) D:8
  Swamp (4/4) Lair:3       Spider (4/4) Lair:2        Slime (0/5) Lair:5
    Orc (2/2) D:9             Elf (0/3) Orc:2        Vaults (3/5) D:14
  Crypt (0/3) Vaults:2     Depths (4/4) D:15         WizLab (visited)
    Zot: Depths:4

Altars:
Ashenzari
Cheibriados
Dithmenos
Elyvilon
Fedhas
Gozag
Hepliaklqana
Kikubaaqudgha
Makhleb
Nemelex Xobeh
Okawaru
Qazlal
Ru
Sif Muna
Trog
Uskayaw
Vehumet
Wu Jian
Xom
Yredelemnul
Zin
The Shining One
Beogh

Shops:
D:5 *   D:14 *   Orc:2 !*?[

Portals:
Hell: Depths:1

Annotations:
D:12 exclusion: ice statue
Swamp:4 Mara
Vaults:3 Nikola
Depths:1 2 transporters, Massirro's ghost, veteran MiCA
Depths:3 Vv


Innate Abilities, Weirdness & Mutations

You have a pair of horns on your head.
You reflexively headbutt those who attack you in melee.
Your body sometimes deteriorates upon taking damage.
You occasionally lose the ability to drink potions when taking damage.


Message History

The tentacled monstrosity shimmers and seems to become two!
The tentacled monstrosity tentacle-slaps you.
The tentacled monstrosity tentacle-slaps you but does no damage.
You block the tentacled monstrosity's attack. x2
You feel your intelligence returning.
Press: ? - help, v - describe, . - travel
Here: Vv The floor.
You can now deal lightning-fast blows.
The rakshasa weaves an illusion.
The tentacled monstrosity shimmers and seems to become two!
Vv calls freezing cold from the walls.
The frost grips you!!
You are encased in ice.
The tentacled monstrosity tentacle-slaps you but does no damage.
The tentacled monstrosity tentacle-slaps you.
You block the tentacled monstrosity's attack. x2
You gain the combat prowess of a mighty hero.
The tentacled monstrosity tentacle-slaps you.
You block the tentacled monstrosity's attack.
The tentacled monstrosity barely misses you. x2
The rakshasa blinks!
The tentacled monstrosity tentacle-slaps you but does no damage.
You block the tentacled monstrosity's attack.
The tentacled monstrosity tentacle-slaps you.
The tentacled monstrosity grabs you.
The tentacled monstrosity constricts you.
Vv calls freezing cold from the walls.
The frost grips you!!!
* * * LOW HITPOINT WARNING * * *
The tentacled monstrosity tentacle-slaps you but does no damage. x2
You block the tentacled monstrosity's attack.
The tentacled monstrosity's grasp on you weakens, but your attempt to escape fails.
The shadow dragon breathes negative energy at you.
The bolt of negative energy hits Vv but does no damage.
Vv completely resists.
The bolt of negative energy hits the tentacled monstrosity.
The tentacled monstrosity completely resists.
The bolt of negative energy hits you!!!
You feel drained.
You die...

.. #.....####+ .. ...
#..R....... .[.. ....###'###
###+###..... ..........##
##........... ..........D##
##............ #?....)...D.##
##.............
##...........###.............#
##.......[..9#X).............
##......).RXX@....).......#
#...#.#############..#.#.#
###.... ...........^.....#
##### #######.######..># #.#
###.# #.# #.# #.# #.#
#.########.# #..........#


You could see Vv, 2 shadow dragons, 3 tentacled monstrosities and a rakshasa.

Vanquished Creatures
  the Lernaean hydra (Swamp:3)
  A golden dragon (Vaults:1)
  Arachne (Spider:4)
  A lich (Depths:2)
  A tentacled monstrosity (Depths:4)
  Mlioglotl (Swamp:1)
  Asterion (Spider:2)
  A sphinx (Vaults:2)
  An ancient champion (Depths:1)
  The ghost of Itell the Marksgoblin, an adept CoHu of Okawaru (Swamp:2)
  2 thorn hunters
  A tengu reaver (Depths:1)
  Donald (Swamp:1)
  8 emperor scorpions (Spider:4)
  A balrug (Depths:1)
  The ghost of Zadaah the Zephyrmancer, an adept SpAE of Vehumet (Swamp:2)
  8 vault wardens
  2 fire giants
  2 frost giants
  7 ghost moths
  Louise (Lair:3)
  A draconian stormcaller (WizLab)
  2 formless jellyfish
  A ghoul (Swamp:4)
  7 stone giants
  3 very ugly things
  10 ironbound preservers
  3 ironbound thunderhulks
  4 broodmothers
  5 eleionomae
  6 dire elephants
  A vampire knight (Depths:3)
  Azrael (D:14)
  7 purple draconians (WizLab)
  4 spark wasps
  2 bunyips (Swamp:1)
  An eidolon (Depths:1)
  3 ettins
  7 statues (WizLab)
  3 great orbs of eyes
  A shambling mangrove (Swamp:3)
  A deep elf high priest (Vaults:1)
  8 entropy weavers
  A yaktaur captain (Vaults:1)
  16 hydras
  A rakshasa (Depths:1)
  A hell beast (Depths:1)
  2 jorogumos
  3 vault guards (Vaults:2)
  3 ice dragons
  17 two-headed ogres
  3 ogre magi (D:15)
  13 alligators
  4 ironbound frosthearts
  14 centaur warriors
  3 boulder beetles
  3 catoblepae
  A ghost crab (Swamp:3)
  2 radroaches (Spider:3)
  7 spriggan air magi
  2 fenstrider witch skeletons (Swamp:2)
  3 tengu warriors
  3 occultists
  14 demonic crawlers
  2 deep troll shamans
  4 death yaks (Lair:5)
  2 spriggan berserkers
  An orc high priest (Orc:2)
  3 skysharks
  9 skeletal warriors
  Amaemon (D:10)
  An iron troll (Depths:2)
  5 goliath frogs
  10 pharaoh ants
  A spark wasp zombie (D:15)
  13 deep trolls
  A storm dragon skeleton (D:15)
  7 orb spiders
  A flayed ghost (D:15)
  3 arcanists
  7 spriggan druids
  A sun moth (Spider:4)
  9 swamp dragons
  A phantasmal warrior (Vaults:1)
  8 orc knights
  14 bog bodies
  An obsidian bat (Orc:2)
  A harpy (Vaults:1)
  6 lindwurms
  A deep elf pyromancer (D:14)
  2 ironbound convokers
  2 necromancers
  6 steelbarb worms
  2 manticores
  7 cyclopes
  A will-o-the-wisp (Swamp:2)
  4 orc sorcerers (Orc:2)
  24 ugly things
  3 meliai (D:14)
  14 elephants
  19 wolf spiders
  3 moths of wrath
  A black mamba (shapeshifter) (D:15)
  An eye of devastation (shapeshifter) (Vaults:1)
  Joseph (D:10)
  4 torpor snails
  4 black mambas
  4 centaur skeletons (D:14)
  12 cane toads
  A naga mage (D:14)
  An orange demon (D:10)
  10 vault sentinels
  2 gargoyles
  Maggie (D:10)
  3 rime drakes
  An unseen horror (D:11)
  A kobold demonologist (D:14)
  18 tengu conjurers
  A freezing wraith (Depths:1)
  13 komodo dragons
  17 yaktaurs
  A bloated husk (Swamp:1)
  A polar bear (Lair:5)
  11 trolls
  5 tyrant leeches
  9 hornets
  6 saltlings (Orc:2)
  35 jumping spiders
  19 tarantellas
  3 slime creatures
  20 blink frogs
  14 dream sheep
  8 spriggans
  Sigmund (D:6)
  13 culicivoras
  2 shadows (D:10)
  3 wraiths
  A spriggan skeleton (Swamp:2)
  A vampire (D:14)
  6 fire elementals (D:14)
  2 water elementals
  73 yaks
  4 wyverns
  8 basilisks
  3 wargs
  41 redbacks
  Menkaure (D:7)
  2 steam dragons
  6 vampire mosquitoes
  9 swamp worms
  The ghost of LifeFF the Insei, an amateur OpSh (D:3)
  2 acid dragons
  9 water moccasins
  2 hell hounds (D:14)
  2 sky beasts
  9 swamp drakes
  5 black bears
  20 orc warriors
  12 ogres
  9 wolves (Lair:5)
  A phantom (D:6)
  13 centaurs
  5 kobold brigands
  11 bullfrogs
  Blork the orc (D:4)
  5 scorpions
  A gnoll sergeant (D:7)
  5 wights (D:9)
  13 killer bees
  An electric eel (D:14)
  8 howler monkeys
  2 bombardier beetles (D:5)
  4 hounds
  4 jellies
  17 orc priests
  A gnoll bouda (D:7)
  A sleepcap (D:4)
  An iguana (D:5)
  27 orc wizards
  4 hell rats (Lair:4)
  11 gnolls (D:7)
  4 adders
  A white imp (D:5)
  7 ribbon worms
  56 orcs
  7 ball pythons
  6 endoplasms
  2 giant cockroaches
  A goblin (D:1)
  7 hobgoblins
  16 kobolds
  8 quokkas
  2 bats (D:2)
  3 frilled lizards
  3 rats (D:1)
  A spectral weapon (Spider:2)
1176 creatures vanquished.

Vanquished Creatures (others)
  An arcanist (Vaults:1)
  A tengu conjurer (WizLab)
  A culicivora (Spider:4)
  4 foxfires (Swamp:2)
7 creatures vanquished.

Grand Total: 1183 creatures vanquished

Notes
Turn   | Place    | Note
-------+----------+-------------------------------------------
     0 | D:1      | Loakagen the Minotaur Fighter began the quest for the Orb.
     0 | D:1      | Reached XP level 1. HP: 19/19 MP: 0/0
   145 | D:1      | Reached skill level 4 in Fighting
   145 | D:1      | Reached XP level 2. HP: 27/27 MP: 1/1
  1112 | D:2      | Reached XP level 3. HP: 34/34 MP: 2/2
  1354 | D:2      | Found a shimmering blue altar of Sif Muna.
  1764 | D:3      | Found a runed translucent gate.
  1764 | D:3      | Found a runed translucent gate.
  1764 | D:3      | Found a runed translucent gate.
  1765 | D:3      | Noticed LifeFF's ghost (amateur OpSh)
  1944 | D:3      | Reached XP level 4. HP: 41/41 MP: 3/3
  2054 | D:3      | Killed LifeFF's ghost
  2055 | D:3      | Reached skill level 5 in Fighting
  2055 | D:3      | Reached skill level 5 in Axes
  2055 | D:3      | Reached XP level 5. HP: 23/50 MP: 1/4
  2263 | D:4      | Found a stormy altar of Qazlal.
  2263 | D:4      | Noticed a sky beast
  2321 | D:4      | Reached skill level 6 in Fighting
  2400 | D:4      | Noticed Blork the orc
  2413 | D:4      | Killed Blork the orc
  2414 | D:4      | Reached skill level 1 in Throwing
  2414 | D:4      | Reached XP level 6. HP: 36/57 MP: 1/5
  2512 | D:4      | Killed a sky beast
  2519 | D:4      | Reached XP level 7. HP: 28/64 MP: 4/6
  2680 | D:4      | Reached skill level 7 in Fighting
  2804 | D:4      | Found a sacrificial altar of Ru.
  2890 | D:4      | Found a roughly hewn altar of Beogh.
  3475 | D:5      | Entered Level 5 of the Dungeon
  3606 | D:5      | Reached skill level 8 in Fighting
  3618 | D:5      | Found Egytybecs's General Store.
  3626 | D:5      | Bought a scroll of identify for 26 gold pieces
  3626 | D:5      | Bought a scroll of enchant armour for 97 gold pieces
  3910 | D:5      | Found a blossoming altar of Fedhas.
  3997 | D:5      | Found a glowing golden altar of the Shining One.
  4234 | D:5      | Reached XP level 8. HP: 74/74 MP: 7/7
  4599 | D:6      | Reached skill level 9 in Fighting
  4781 | D:6      | Noticed Sigmund
  4789 | D:6      | Killed Sigmund
  5113 | D:7      | Reached skill level 10 in Fighting
  5213 | D:7      | Reached XP level 9. HP: 85/85 MP: 8/8
  5231 | D:7      | Found a staircase to the Ecumenical Temple.
  5241 | Temple   | Entered the Ecumenical Temple
  5386 | D:7      | Reached skill level 10 in Axes
  5503 | D:7      | Noticed Menkaure
  5511 | D:7      | Killed Menkaure
  6193 | D:8      | Found a staircase to the Lair.
  6201 | D:8      | Reached skill level 11 in Fighting
  6278 | D:8      | Reached skill level 5 in Armour
  6382 | D:8      | Found a shimmering altar of Xom.
  6845 | D:9      | Reached XP level 10. HP: 53/97 MP: 5/9
  6853 | D:9      | Reached skill level 12 in Fighting
  7436 | D:9      | Found a staircase to the Orcish Mines.
  7690 | D:10     | Entered Level 10 of the Dungeon
  7706 | D:10     | Noticed a two-headed ogre
  7714 | D:10     | Killed a two-headed ogre
  7791 | D:10     | Found a snail-covered altar of Cheibriados.
  7794 | D:10     | Found a hide-covered altar of Uskayaw.
  7795 | D:10     | Found a hazy altar of Hepliaklqana.
  7796 | D:10     | Found an ancient bone altar of Kikubaaqudgha.
  7796 | D:10     | Found a broken altar of Ashenzari.
  7798 | D:10     | Found a burning altar of Makhleb.
  7799 | D:10     | Found an iron altar of Okawaru.
  7800 | D:10     | Found a white marble altar of Elyvilon.
  7807 | D:10     | Became a worshipper of Warmaster Okawaru
  8054 | D:10     | Noticed Joseph
  8058 | D:10     | Killed Joseph
  8375 | D:10     | Noticed Maggie
  8380 | D:10     | Killed Maggie
  8381 | D:10     | Reached skill level 13 in Fighting
  8381 | D:10     | Noticed Amaemon
  8383 | D:10     | Noticed an orange demon
  8392 | D:10     | Killed Amaemon
  8392 | D:10     | Reached * piety under Okawaru
  8396 | D:10     | Killed an orange demon
  8407 | D:10     | Reached XP level 11. HP: 74/107 MP: 7/10
  9082 | Lair:1   | Entered Level 1 of the Lair of Beasts
  9100 | Lair:1   | Reached ** piety under Okawaru
  9515 | Lair:1   | Reached *** piety under Okawaru
  9516 | Lair:1   | Reached skill level 14 in Fighting
  9516 | Lair:1   | Reached skill level 1 in Invocations
  9520 | Lair:1   | Reached skill level 10 in Armour
  9539 | Lair:1   | Reached **** piety under Okawaru
 10617 | Lair:2   | Reached ***** piety under Okawaru
 10662 | Lair:2   | Reached XP level 12. HP: 118/118 MP: 13/13
 11171 | Lair:2   | Reached skill level 15 in Fighting
 11466 | Lair:2   | Reached skill level 5 in Invocations
 11474 | Lair:2   | Found a hole to the Spider Nest.
 11478 | Lair:2   | Received a gift from Okawaru
 11964 | Lair:2   | Reached skill level 15 in Axes
 12102 | Lair:3   | Found a staircase to the Swamp.
 12263 | Lair:3   | Received a gift from Okawaru
 12354 | Lair:3   | Noticed an eight-headed hydra
 12370 | Lair:3   | Killed a six-headed hydra
 12916 | Lair:3   | Reached skill level 16 in Fighting
 12925 | Lair:3   | Reached XP level 13. HP: 122/128 MP: 11/15
 13473 | Lair:4   | Received a gift from Okawaru
 14304 | Lair:5   | Entered Level 5 of the Lair of Beasts
 14554 | Lair:5   | Reached ****** piety under Okawaru
 14567 | Lair:5   | Reached skill level 5 in Shields
 14608 | Lair:5   | Acquired a +2 vampiric broad axe
 14608 | Lair:5   | Received a gift from Okawaru
 14657 | Lair:5   | Received a gift from Okawaru
 14897 | Lair:5   | Received a gift from Okawaru
 15016 | Lair:5   | Reached skill level 17 in Fighting
 15049 | Lair:5   | Reached XP level 14. HP: 140/140 MP: 16/18
 15233 | Lair:5   | Received a gift from Okawaru
 15372 | Lair:5   | Found a staircase to the Slime Pits.
 15819 | Orc:1    | Entered Level 1 of the Orcish Mines
 16031 | Orc:2    | Entered Level 2 of the Orcish Mines
 16082 | Orc:2    | Found a bloodstained altar of Trog.
 16112 | Orc:2    | Found a staircase to the Elven Halls.
 16789 | Orc:2    | Found Ixkion's Armour Shop.
 16795 | Orc:2    | Found a roughly hewn altar of Beogh.
 16826 | Orc:2    | Received a gift from Okawaru
 16830 | Orc:2    | Found Ohacacw's Magic Scroll Shop.
 17051 | Orc:2    | Found Qyujo's Distillery.
 17386 | Orc:2    | Found Rihaitea's General Store.
 17696 | Orc:2    | Bought a scroll of identify for 34 gold pieces
 17721 | Orc:2    | Bought 3 scrolls of identify for 66 gold pieces
 17721 | Orc:2    | Bought a scroll of identify for 22 gold pieces
 17723 | Orc:2    | Identified a scroll of acquirement
 17727 | Orc:2    | Acquired the ring "Baodgh" {rF+ Will+}
 17732 | Orc:2    | Acquired the +0 pair of gloves "Roasuun" {Will+++ rCorr
                  | Str-5 Slay+4}
 17732 | Orc:2    | Received a gift from Okawaru
 18188 | D:11     | Reached skill level 15 in Armour
 18497 | D:11     | Found a shimmering altar of Xom.
 18499 | D:11     | Found a shimmering altar of Xom.
 18802 | D:12     | Acquired a manual of Throwing
 19365 | D:12     | Received a gift from Okawaru
 20446 | D:14     | Reached XP level 15. HP: 138/142 MP: 20/20
 20468 | D:14     | Noticed Azrael
 20482 | D:14     | Killed Azrael
 20484 | D:14     | Received a gift from Okawaru
 20485 | D:14     | Reached skill level 18 in Fighting
 20643 | D:14     | Found Gaunnore's Serpentskin Sales.
 20739 | D:14     | Reached skill level 5 in Throwing
 20931 | D:14     | Found a gate to the Vaults.
 21404 | D:14     | Bought 6 curare-tipped darts for 136 gold pieces
 21404 | D:14     | Bought 4 curare-tipped darts for 91 gold pieces
 21423 | D:15     | Entered Level 15 of the Dungeon
 21525 | D:15     | Reached skill level 10 in Shields
 21533 | D:15     | Received a gift from Okawaru
 21803 | D:15     | Found a staircase to the Depths.
 22347 | D:15     | Received a gift from Okawaru
 22761 | D:15     | Identified the +7 flail of the Eternal Warrior {flame, rN+
                  | Dex+3}
 23387 | Swamp:1  | Entered Level 1 of the Swamp
 23387 | Swamp:1  | Noticed Louise
 23394 | Swamp:1  | Received a gift from Okawaru
 23416 | Lair:3   | Killed Louise
 23417 | Lair:3   | Reached XP level 16. HP: 132/159 MP: 8/22
 24079 | Swamp:1  | Received a gift from Okawaru
 24080 | Swamp:1  | Reached skill level 10 in Invocations
 24194 | Swamp:1  | Noticed Mlioglotl
 24206 | Swamp:1  | Killed Mlioglotl
 24207 | Swamp:1  | Reached skill level 19 in Fighting
 24689 | Swamp:1  | Noticed Donald
 24898 | Swamp:1  | Noticed a thorn hunter
 24918 | Swamp:1  | Killed a thorn hunter
 24952 | Swamp:1  | Killed Donald
 25149 | Swamp:3  | Noticed a thorn hunter
 25168 | Swamp:3  | Killed a thorn hunter
 25377 | Swamp:3  | Received a gift from Okawaru
 25379 | Swamp:3  | Reached skill level 10 in Throwing
 25549 | Swamp:3  | Paralysed by a hornet for 2 turns
 25986 | Swamp:4  | Entered Level 4 of the Swamp
 26445 | Arena    | Entered the Arena
 26476 | Swamp:3  | HP: 5/161 [poisoned by a swamp dragon (poison gas)]
 26831 | Swamp:4  | Received a gift from Okawaru
 27199 | Swamp:4  | Noticed the 27-headed Lernaean hydra
 27209 | Swamp:4  | HP: 7/161 [the 24-headed Lernaean hydra (7)]
 28197 | Swamp:2  | Received a gift from Okawaru
 28416 | Swamp:2  | Reached XP level 17. HP: 156/168 MP: 22/24
 28524 | Swamp:2  | Found a runed translucent gate.
 28524 | Swamp:2  | Found a runed translucent gate.
 28524 | Swamp:2  | Found a runed translucent gate.
 28535 | Swamp:2  | Noticed Itell's ghost (adept CoHu)
 28535 | Swamp:2  | Noticed Zadaah's ghost (adept SpAE)
 28687 | Swamp:2  | Found the +3 hat of Pondering {ponderous, Will+ MP+10
                  | Int+5}
 28700 | Swamp:2  | Killed Zadaah's ghost
 28719 | Swamp:2  | Killed Itell's ghost
 28927 | Swamp:3  | Killed the 16-headed Lernaean hydra
 29219 | Swamp:4  | Got a decaying rune of Zot
 29408 | Swamp:4  | Noticed Mara
 29410 | Swamp:4  | Noticed Loakagen's illusion
 29536 | Spider:1 | Entered Level 1 of the Spider Nest
 29709 | Spider:1 | Received a gift from Okawaru
 30131 | Spider:1 | Reached skill level 20 in Fighting
 30705 | Spider:2 | Noticed Asterion
 30717 | Spider:2 | Killed Asterion
 30857 | Spider:2 | Received a gift from Okawaru
 31207 | Spider:2 | Reached skill level 15 in Shields
 32646 | Spider:3 | Received a gift from Okawaru
 32963 | Spider:3 | Gained mutation: Your body sometimes deteriorates upon
                  | taking damage. [mutagenic glow]
 32975 | Spider:3 | Gained mutation: You occasionally lose the ability to drink
                  | potions when taking damage. [mutagenic glow]
 34023 | Spider:3 | Reached XP level 18. HP: 180/180 MP: 26/26
 34217 | Spider:4 | Entered Level 4 of the Spider Nest
 34370 | Spider:4 | Reached skill level 1 in Dodging
 34513 | Spider:4 | Noticed Arachne
 34539 | Spider:4 | Killed Arachne
 34539 | Spider:4 | Received a gift from Okawaru
 34957 | Spider:4 | Found a large runed translucent door.
 34957 | Spider:4 | Found a large runed translucent door.
 35572 | Spider:4 | HP: 6/180 [something (14)]
 36204 | Spider:4 | Reached skill level 21 in Fighting
 36215 | Spider:4 | Received a gift from Okawaru
 36358 | Spider:4 | Identified the +1 pair of boots "Buut" {Regen+ Int+2 Dex+2}
 36365 | Spider:4 | Got a gossamer rune of Zot
 36868 | Vaults:1 | Entered Level 1 of the Vaults
 36959 | Vaults:1 | Noticed a golden dragon
 36969 | Vaults:1 | Killed a golden dragon
 36999 | Vaults:1 | Reached skill level 5 in Dodging
 37046 | Vaults:1 | Acquired the ring "Raoskyp" {+Blink rF+ AC+4 Int-2}
 37232 | Vaults:1 | Found a magical portal.
 37238 | WizLab   | Entered Iskenderun's Mystic Tower
 37258 | WizLab   | Received a gift from Okawaru
 37914 | WizLab   | Got Iskenderun's Atlas of Bolts
 37914 | WizLab   | Got Iskenderun's Quarto of Blows
 38288 | Vaults:1 | Received a gift from Okawaru
 38299 | Vaults:1 | Reached XP level 19. HP: 190/190 MP: 21/27
 39459 | Vaults:2 | Received a gift from Okawaru
 40211 | D:5      | Bought a potion of curing for 39 gold pieces
 40211 | D:5      | Bought a potion of might for 52 gold pieces
 40211 | D:5      | Bought a scroll of blinking for 97 gold pieces
 40872 | Vaults:2 | Received a gift from Okawaru
 40992 | Vaults:2 | Found a staircase to the Crypt.
 40992 | Vaults:2 | Found an ancient bone altar of Kikubaaqudgha.
 40992 | Vaults:2 | Found a basalt altar of Yredelemnul.
 41662 | Vaults:3 | Noticed Nikola
 41908 | Depths:1 | Entered Level 1 of the Depths
 42076 | Depths:1 | Received a gift from Okawaru
 42103 | Depths:1 | Reached skill level 22 in Fighting
 42169 | Depths:1 | Found a bloodstained altar of Trog.
 42539 | Depths:1 | Found a gateway to Hell.
 42599 | Depths:1 | Noticed Massirro's ghost (veteran MiCA)
 42601 | Depths:1 | Found a transporter.
 42602 | Depths:1 | Noticed an ancient lich
 42607 | Depths:1 | Found a transporter.
 42635 | Depths:1 | Noticed a dread lich
 43100 | Depths:2 | Received a gift from Okawaru
 43119 | Depths:2 | Reached XP level 20. HP: 185/200 MP: 13/28
 43296 | Depths:2 | Acquired 1204 gold pieces
 43302 | Depths:2 | You fall into a shaft and drop 2 floors!
 43302 | Depths:4 | Entered Level 4 of the Depths
 43731 | Depths:3 | Noticed Vv
 43756 | Depths:3 | Killed from afar by a shadow dragon (illusionary)

Illustrated notes

Levels and vault maps discovered:
D:1:      heliophobic_arrival_battle_scene, layout_loops_corners,
          corexii_item_surrounded_by_moat, minivault_4
D:2:      layout_basic, basic_altar, feat_on_display
D:3:      layout_basic, ebering_ghost_rock_garden
D:4:      layout_basic, nicolae_qazlal_beasts_of_the_sky,
          nicolae_overflow_hidden_temple, serial_curves, eino_curves_01,
          eino_curves_01, kennysheep_orc_chapel, uniq_blork_the_orc
D:5:      layout_loops_corners, mainiacjoe_overflow_alcove_2, fedhas_altar_1,
          serial_shops, shop, serial_library_hellmonk_layered_room
D:6:      layout_rooms, hangedman_abyss_or_decor_stabs, uniq_sigmund
D:7:      layout_basic, minmay_temple_entry_mist, uniq_menkaure
D:8:      layout_rooms, xom_butterflies, lair_entry_dummy
D:9:      nicolae_hitomezashi [nicolae_hito_row, nicolae_hito_row,
          nicolae_hito_row, nicolae_hito_row, nicolae_hito_row,
          nicolae_hito_row, nicolae_hito_row, nicolae_hito_row,
          nicolae_hito_row, nicolae_hito_row, nicolae_hito_row,
          nicolae_hito_row, nicolae_hito_row, nicolae_hito_row,
          nicolae_hito_row, nicolae_hito_row, nicolae_hito_row,
          nicolae_hito_row], layout_small_grid, erik_orc_1,
          chequers_serial_rivers_micro_b
D:10:     layout_basic, minitemple, uniq_joseph, uniq_amaemon, uniq_maggie
D:11:     layout_cross, xom_redecorated
D:12:     lemuel_ice_statue, layout_irregular_city
D:13:     layout_long_grid
D:14:     layout_roguey, hangedman_vaults_entry_quadrant_bands,
          kennysheep_boxes, hangedman_decor_push, guppyfry_shop_venom,
          uniq_azrael
D:15:     gammafunk_depths_entry_grave, layout_basic,
          hangedman_abyss_or_decor_stagger, minmay_crystal_room
Temple:   compressed_dpeg_triangle_lava_temple
Lair:1:   layout_layer_cave
Lair:2:   layout_cave_pods, nicolae_spider_entry_lesser_pyramids
Lair:3:   layout_cave_pods, skrybe_swamp_entry_bodies, minmay_holes,
          grunt_megastairs_4
Lair:4:   layout_layer_cave, lemuel_fruit_tree
Lair:5:   grunt_lair_end_beastmaster, layout_regular_city,
          nicolae_slime_entry_field_trip, grunt_megastairs_1
Swamp:1:  nicolae_swamp_ascending_descending_big, layout_basic_swamp,
          nicolae_swamp_trees_clearing, swamp_pool_3, uniq_louise, uniq_donald,
          uniq_mlioglotl
Swamp:2:  layout_basic_swamp, gammafunk_ghost_cemetery, serial_swamp_ruin,
          evilmike_swamp_ruin_house_2, evilmike_swamp_ruin_house_5,
          grunt_hermit_hut
Swamp:3:  layout_basic_swamp, infiniplex_staircase_pool_2, swamp_pool_1_2,
          ldierk_geyser
Swamp:4:  grunt_swamp_rune_castle, layout_basic_swamp, uniq_mara
Spider:1: layout_cave_pods
Spider:2: layout_chambers, uniq_asterion
Spider:3: layout_cave_pods
Spider:4: grunt_spider_rune_circles, spiders_nest_the_unseen, uniq_arachne
Orc:1:    layout_caves
Orc:2:    hellmonk_orc_salted, layout_diamond_mine, basic_altar,
          nicolae_orc_pool_cavern
Vaults:1: infiniplex_enter_wizlab_spiral, grunt_vaults_diagonal,
          dpeg_vaults_pockets_of_resistance, v_misc_25, v_misc_18,
          vaults_dpeg_ring, vaults_room_hallway,
          nicolae_vaults_mini_display_case, vaults_room_door_hall,
          nicolae_vaults_alarming, layout_vaults_chaotic_city
Vaults:2: nicolae_vaults_trapezoid_2, grunt_vaults_swirl,
          hangedman_vaults_slither, hangedman_vaults_trim,
          nicolae_vaults_closet_pinwheel_2, nicolae_vaults_heart-shaped_vault,
          nicolae_vaults_closet_pinwheel_4, minmay_crypt_entry_necro_gods,
          vaults_room_semicircle, nicolae_vaults_tetromino_L_2,
          vaults_dpeg_emergency_exit, vaults_room_hallway,
          layout_vaults_omnicross
Vaults:3: v_alt_pattern_2, nicolae_vaults_closet_pinwheel_3,
          ontoclasm_vaults_ring_large, nicolae_vaults_little_squares_1,
          st_more_cells, grunt_vaults_focal, nicolae_vaults_stepped_doors,
          layout_vaults_quadrants, uniq_nikola
Depths:1: layout_cave_pools, grunt_mini_vestibule, gammafunk_ghost_mausoleum,
          bloody_trog, item_on_display_a
Depths:2: thingy_vault, layout_long_grid, enter_ziggurat_f, hellmouth_1,
          abyss_entry_flame_altar, grunt_pan_entry_zigzag,
          kennysheep_island_fort
Depths:3: minmay_concentric_multi, layout_basic, abyss_entry,
          hangedman_coc_ice_floe, minmay_staircase_statues_hall_small, uniq_vv,
          uniq_boris, uniq_mennas
Depths:4: grunt_zot_entry_gee_three, layout_cave_shapes,
          pf_hell_entry_great_geh, serial_shops, nicolae_shop_waterfront,
          serial_bayou_ford_a

Skill      XL: |  1  2  3  4  5  6  7  8  9 10 11 12 13 14 15 16 17 18 19 20 |
---------------+-------------------------------------------------------------+-----
Fighting       | 4 5 6 8 10 11 13 14 16 17 18 19 20 21 22 | 22.3
Axes           | 3 4 5 6 7 9 11 12 14 15 16 17 18 | 18.0
Throwing       | 1 2 3 4 8 10 12 13 14 | 14.7
Armour         | 6 8 10 12 14 15 16 17 18 19 20 | 20.5
Invocations    | 3 5 6 8 9 11 12 13 | 13.0
Shields        | 6 9 11 13 15 16 17 18 | 18.1
Dodging        | 6 8 |  8.0

Action                     |  1- 3 |  4- 6 |  7- 9 | 10-12 | 13-15 | 16-18 | 19-21 || total
---------------------------+-------+-------+-------+-------+-------+-------+-------++-------
  Melee: War axe           |    94 |    45 |    38 |   139 |    19 |    70 |       ||   405
         Headbutt          |    13 |    16 |    56 |   110 |   267 |   459 |   256 ||  1177
         Hand axe          |       |       |   216 |   286 |   158 |       |       ||   660
         Broad axe         |       |       |       |       |   796 |  1424 |   757 ||  2977
  Throw: Javelin           |       |     3 |       |     2 |       |     6 |     4 ||    15
         Dart              |       |       |     5 |     1 |       |     2 |       ||     8
 Invoke: Receive Weapon    |       |       |       |       |     1 |       |       ||     1
         Heroism           |       |       |       |       |     2 |     7 |     1 ||    10
         Finesse           |       |       |       |       |     2 |     3 |     1 ||     6
         Receive Armour    |       |       |       |       |     1 |       |       ||     1
         Duel              |       |       |       |       |       |     1 |       ||     1
    Use: Scroll            |       |       |    11 |     1 |    17 |    12 |     2 ||    43
         Potion            |       |       |       |       |     1 |     9 |       ||    10
   Stab: Petrified         |       |       |       |       |     4 |       |       ||     4
         Distracted        |       |       |       |       |       |     2 |       ||     2
 Armour: Scale mail        |    71 |    10 |       |       |       |       |       ||    81
         Chain mail        |       |    49 |    67 |       |       |  1605 |   383 ||  2104
         Plate armour      |       |       |   143 |   174 |   560 |   321 |   350 ||  1548
         Swamp dragon scal |       |       |       |   183 |   269 |       |       ||   452
  Dodge: Dodged            |    35 |    16 |    62 |   114 |   257 |   392 |   158 ||  1034
  Block: Buckler           |    19 |     6 |    50 |    69 |   220 |     5 |       ||   369
         Tower shield      |       |       |       |       |       |   441 |       ||   441
         Kite shield       |       |       |       |       |       |  1206 |   741 ||  1947
         Reflection        |       |       |       |       |       |     3 |    28 ||    31

Table legend: (Time is in decaauts)
 A = Elapsed time spent in this place.
 B = Non-inter-level travel time spent in this place.
 C = Inter-level travel time spent in this place.
 D = Time resting spent in this place.
 E = Time spent auto-exploring this place.
 F = Levels seen in this place.
 G = Mean time per level.
                   A        B        C        D        E       F      G
               +--------+--------+--------+--------+--------+-----+--------+
         Total |  43204 |  39305 |   3899 |   4639 |  27211 |  40 | 1080.1 |
       Dungeon |  15508 |  13371 |   2137 |    402 |  10825 |  15 | 1033.9 |
        Temple |     55 |     55 |      0 |      0 |      0 |   1 |   55.0 |
          Lair |   6747 |   6304 |    443 |    316 |   4976 |   5 | 1349.4 |
         Swamp |   6074 |   5900 |    174 |   1923 |   2969 |   4 | 1518.5 |
   Spider Nest |   6846 |   6393 |    453 |   1159 |   4013 |   4 | 1711.5 |
  Orcish Mines |   2008 |   1854 |    154 |    175 |   1166 |   2 | 1004.0 |
        Vaults |   3373 |   2936 |    437 |     58 |   2255 |   3 | 1124.3 |
        Depths |   1639 |   1541 |     98 |    370 |    677 |   4 |  409.8 |
        Wizlab |    924 |    924 |      0 |    236 |    328 |   1 |  924.0 |
         Arena |     25 |     25 |      0 |      0 |      0 |   1 |   25.0 |
               +--------+--------+--------+--------+--------+-----+--------+

Top non-repeatable levels by time:
 Swamp:3: 2095 daAuts
Spider:4: 1997 daAuts
Spider:3: 1878 daAuts
Spider:2: 1735 daAuts
 Swamp:1: 1712 daAuts
Vaults:1: 1663 daAuts
    D:15: 1570 daAuts
 Swamp:2: 1540 daAuts
   Orc:2: 1538 daAuts
  Lair:1: 1525 daAuts
  Lair:2: 1478 daAuts
    D:10: 1470 daAuts
    D:14: 1397 daAuts
Vaults:2: 1383 daAuts
     D:9: 1373 daAuts
